 Dungeon Crawl Stone Soup version 0.19.0-20-gbc5f0c6 (webtiles) character file.

76 Haldmier the Cudgeler (level 4, 0/39 HPs)
             Began as a Hill Orc Monk on Nov 17, 2016.
             Succumbed to an adder's poison
             ... on level 2 of the Dungeon.
             The game lasted 00:04:47 (1406 turns).

Haldmier the Cudgeler (Hill Orc Monk)               Turns: 1406, Time: 00:04:48

Health: 0/39       AC:  3    Str: 13    XL:     4   Next: 32%
Magic:  13/13      EV: 18    Int: 11    God:
Gold:   59         SH:  0    Dex: 18    Spells: 0 memorised, 3 levels left

rFire  . . .     SeeInvis .     a - +0 mace
rCold  . . .     Gourm    .     b - +0 robe
rNeg   . . .     Faith    .     (no shield)
rPois  .         Spirit   .     (no helmet)
rElec  .         Reflect  .     (no cloak)
rCorr  .         Harm     .     e - +0 pair of gloves
MR     .....     Rnd*Tele +     (no boots)
Stlth  +++.......               (no amulet)
                                f - ring of magical power
                                d - ring of teleportation (curse)

@: agile, lethally poisoned (0 -> -9)
A: no striking features
a: no special abilities


You were on level 2 of the Dungeon.
You were not hungry.

You visited 1 branch of the dungeon, and saw 2 of its levels.

You collected 59 gold pieces.

Inventory:

Hand Weapons
 a - a +0 mace (weapon)
 r - a +0 whip
Missiles
 p - 71 stones (quivered)
Armour
 b - a +0 robe (worn)
 e - a +0 pair of gloves (worn)
Jewellery
 d - a cursed ring of teleportation (left hand)
 f - a ring of magical power (right hand)
Scrolls
 g - a scroll of fog {unknown}
 h - a scroll of noise {unknown}
 i - a scroll of teleportation {unknown}
 l - a scroll of immolation {unknown}
 m - a scroll of remove curse {unknown}
 n - a scroll of blinking {unknown}
 o - a scroll of amnesia {unknown}
Potions
 j - a potion of agility
Comestibles
 c - a bread ration
 k - a slice of pizza
 q - 2 meat rations
 s - 3 chunks of flesh


   Skills:
 - Level 3.6 Fighting
 + Level 5.5 Maces & Flails
 - Level 2.4 Dodging
 - Level 1.5 Stealth


You had 3 spell levels left.
You didn't know any spells.

Dungeon Overview and Level Annotations

Branches:
Dungeon (2/15)

Altars:
Xom


Message History

You kill the adder!
* * * LOW HITPOINT WARNING * * *
You feel sick.
* * * LOW HITPOINT WARNING * * *
You feel sick.
You see here a kobold corpse.
It was a potion of agility.
You feel agile all of a sudden.
* * * LOW HITPOINT WARNING * * *
You feel sick.
* * * LOW HITPOINT WARNING * * *
You feel sick.
Found a stone staircase leading up.
* * * LOW HITPOINT WARNING * * *
You feel sick.
* * * LOW HITPOINT WARNING * * *
You feel sick.
* * * LOW HITPOINT WARNING * * *
You feel sick.
You die...

###'##........... #..
#..##########.#
..###....# #.. ####
...#....# #.# ....#
..###≈.# #.# .....##
..##### #.. .......
#.##..# .#.
.......##.##†## #...
....<..@.....## ####
.......#......##########
.......#.......##......#
.......................#
.......#................
.............#.........#
.......#.....####......#
.......#.....# ########
#.....


There were no monsters in sight!

Vanquished Creatures
  An adder (D:2)
  2 gnolls (D:2)
  3 dart slugs
  A leopard gecko (D:2)
  5 bats
  6 goblins
  2 hobgoblins (D:1)
  7 jackals (D:1)
  A ball python (D:1)
  6 kobolds
  7 rats (D:1)
41 creatures vanquished.

Vanquished Creatures (others)
  A gnoll (D:2)
  A bat (D:2)
  A hobgoblin (D:2)
3 creatures vanquished.

Grand Total: 44 creatures vanquished

Notes
Turn   | Place    | Note
-------+----------+-------------------------------------------
     0 | D:1      | Haldmier the Hill Orc Monk began the quest for the Orb.
     0 | D:1      | Reached XP level 1. HP: 19/19 MP: 1/1
   187 | D:1      | Reached XP level 2. HP: 22/26 MP: 2/2
   196 | D:1      | Reached skill level 4 in Maces & Flails
   497 | D:1      | Reached XP level 3. HP: 31/31 MP: 3/3
   922 | D:2      | Reached skill level 5 in Maces & Flails
   927 | D:2      | Reached XP level 4. HP: 21/39 MP: 4/4
  1079 | D:2      | Found a shimmering altar of Xom.
  1081 | D:2      | Found a glowing silver altar of Zin.
  1081 | D:2      | Found a glowing golden altar of the Shining One.
  1083 | D:2      | Found an ancient bone altar of Kikubaaqudgha.
  1083 | D:2      | Found a hide-covered altar of Uskayaw.
  1083 | D:2      | Found a stormy altar of Qazlal.
  1405 | D:2      | HP: 1/39 [poisoned by an adder]
  1406 | D:2      | Succumbed to an adder's poison

Skill      XL: |  1  2  3 |
---------------+----------+-----
Maces & Flails | 4 5 |  5.5
Fighting       | |  3.6
Dodging        | |  2.4
Stealth        | |  1.5

Action                   |  1- 3 |  4- 6 || total
-------------------------+-------+-------++-------
Melee: Mace              |   119 |    30 ||   149
  Use: Potion            |       |     1 ||     1
 Stab: Sleeping          |     1 |       ||     1
  Eat: Chunk             |       |     2 ||     2
Armor: Robe              |    27 |     5 ||    32
Dodge: Dodged            |    74 |    16 ||    90
